 Dungeon Crawl Stone Soup version 0.25-b1-37-g2669288c55 (webtiles) character file.

Game seed: 17350191129823423267

61 spiritedaway the Shooter (level 4, -1/35 HPs)
             Began as a Human Wanderer on June 5, 2020.
             Slain by a goblin (3 damage)
             ... on level 3 of the Dungeon.
             The game lasted 00:13:43 (2340 turns).

spiritedaway the Shooter (Human Wanderer)           Turns: 2340, Time: 00:13:43

Health: -1/35      AC:  8    Str: 13    XL:     4   Next: 27%
Magic:  4/4        EV:  5    Int: 17    God:
Gold:   109        SH:  0    Dex: 14    Spells: 3/3 levels left

rFire    . . .     SeeInvis .   k - +2 whip (venom)
rCold    . . .     Gourm    .   (no shield)
rNeg     . . .     Faith    .   g - +0 chain mail
rPois    .         Spirit   .   (no helmet)
rElec    .         Reflect  .   (no cloak)
rCorr    +         Harm     .   (no gloves)
MR       .....                  (no boots)
Stlth    ..........             (no amulet)
HPRegen  0.11/turn              p - +6 ring of dexterity
MPRegen  0.09/turn              i - ring of resist corrosion

@: no status effects
A: no striking features
a: no special abilities


You were on level 3 of the Dungeon.
You were not hungry.

You visited 1 branch of the dungeon, and saw 3 of its levels.

You collected 109 gold pieces.

Inventory:

Hand Weapons
 a - a +2 shortbow
 e - a +0 dagger
 k - a +2 whip of venom (weapon)
Missiles
 b - 44 arrows
Armour
 d - a +0 ring mail
 g - a +0 chain mail (worn)
Jewellery
 i - a ring of resist corrosion (right hand)
 j - an uncursed ring of positive energy
 p - a +6 ring of dexterity (left hand)
 r - an uncursed ring of protection from magic {unknown}
Scrolls
 c - 4 scrolls of teleportation
 h - 2 scrolls of identify {unknown}
Potions
 l - a potion of curing {unknown}
 m - a potion of invisibility {unknown}
 n - a potion of mutation {unknown}
 o - a potion of magic {unknown}
 q - a potion of heal wounds {unknown}
Comestibles
 f - 3 rations


   Skills:
 + Level 3.3 Fighting
 + Level 1.1 Maces & Flails
 + Level 4.0 Bows
   Level 1.0 Crossbows
 + Level 1.5 Armour
 + Level 2.1 Stealth


You had 3 spell levels left.
You didn't know any spells.
Your spell library was empty.

Dungeon Overview and Level Annotations

Branches:
Dungeon (3/15)

Altars:


Message History

The goblin shoots a stone.
The stone hits you but does no damage.
You see here a stone.
The goblin shoots a stone.
The stone barely misses you.
The goblin shoots a stone.
The stone barely misses you.
You see here 2 stones.
The goblin shoots a stone.
The stone hits you but does no damage.
You see here a stone.
The goblin shoots a stone.
The stone barely misses you.
You see here 3 stones.
The goblin shoots a stone.
The stone hits you but does no damage.
The goblin unwields a +0 hunting sling.
The goblin hits you.
* * * LOW HITPOINT WARNING * * *
You barely miss the goblin. The goblin hits you but does no damage.
You hit the goblin.
The goblin is severely wounded.
The goblin hits you but does no damage.
You closely miss the goblin.
The goblin is severely wounded.
The goblin hits you.
You die...

#.....# #.## ###.##.#
##((### #... #......#
.####(...#### #..#
#.#.#### #.........)((#
#..# #.#.# ######.##.##(#
#..# #.#.# #.##.##.# #..#
##.#.## #.##.##.#
#..###.....###
#.##.##g###.).รท..#.....#
..##.##.@....###.....#.#
####.####.........#......
#......############...
######## ###


You could see a goblin.

Vanquished Creatures
  2 adders (D:3)
  2 oozes
  A worm (D:2)
  A giant cockroach (D:3)
  4 goblins
  3 hobgoblins
  3 jackals (D:1)
  A quokka (D:3)
  7 bats
  A frilled lizard (D:3)
  3 kobolds (D:1)
  6 rats
34 creatures vanquished.

Notes
Turn   | Place    | Note
-------+----------+-------------------------------------------
     0 | D:1      | spiritedaway the Human Wanderer began the quest for the
                  | Orb.
     0 | D:1      | spiritedaway set off with the following items: a +2
                  | shortbow, 30 arrows, a scroll of teleportation, a +0 ring
                  | mail, a +0 dagger, a ration
     0 | D:1      | Reached XP level 1. HP: 18/18 MP: 1/1
   107 | D:1      | Reached XP level 2. HP: 23/24 MP: 2/2
   613 | D:1      | Reached XP level 3. HP: 29/29 MP: 3/3
  2295 | D:3      | Reached skill level 4 in Bows
  2304 | D:3      | Reached XP level 4. HP: 16/35 MP: 4/4
  2309 | D:3      | Reached skill level 1 in Maces & Flails
  2332 | D:3      | HP: 1/35 [goblin (3)]
  2340 | D:3      | Slain by a goblin

Illustrated notes

Levels and vault maps discovered:
D:1:      psy_arrival_radial01, layout_basic, kennysheep_nondescript
D:2:      layout_basic, uniq_crazy_yiuf_cottage
D:3:      layout_loops_ring, lemuel_crystal_altar, first_ration,
          chequers_ecumenical_altar_island, grunt_nemelex_the_gamble,
          uniq_terence, uniq_ijyb, uniq_sigmund

Skill      XL: |  1  2  3  4 |
---------------+-------------+-----
Bows           | 4 |  4.0
Maces & Flails | 1 |  1.1
Fighting       | |  3.3
Crossbows      | |  1.0
Armour         | |  1.5
Stealth        | |  2.1

Action                   |  1- 3 |  4- 6 || total
-------------------------+-------+-------++-------
Melee: Whip              |    47 |    22 ||    69
 Fire: Shortbow          |    20 |       ||    20
  Use: Potion            |     1 |       ||     1
  Eat: Ration            |     1 |       ||     1
       Chunk             |     1 |       ||     1
Armor: Ring mail         |     1 |       ||     1
       Chain mail        |    48 |    13 ||    61
Dodge: Dodged            |    25 |     7 ||    32
